 Dungeon Crawl Stone Soup version 0.29.1-12-g30fa7ad0bf (webtiles) character file.

Game seed: 6687740834662542257

53 DildoBatman the Conjurer (level 4, 0/48 HPs)
             Began as a Formicid Conjurer on Jan 1, 2023.
             Succumbed to an adder's poison
             ... on level 4 of the Dungeon.
             The game lasted 00:03:21 (1077 turns).

DildoBatman the Conjurer (Formicid Conjurer)        Turns: 1077, Time: 00:03:21

Health: 0/48       AC: 22    Str: 11    XL:     4   Next: 10%
Magic:  1/8        EV:  2    Int: 20    God:
Gold:   76         SH:  0    Dex: 12    Spells: 5/8 levels left

rFire   . . .      SeeInvis .   a - +1 sling
rCold   . . .      Faith    .   (no shield)
rNeg    . . .      Spirit   .   (body armour currently unavailable)
rPois   +          Reflect  .   (helmet unavailable)
rElec   .          Harm     .   (cloak currently unavailable)
rCorr   .          Rampage  .   (gloves currently unavailable)
Will    .....                   (boots currently unavailable)
Stlth   ++........              (no amulet)
HPRegen 0.16/turn               (no ring)
MPRegen 0.11/turn               (no ring)

@: lethally poisoned (0 -> -3), tree-form
A: stationary, stasis, torment immunity, boosted hp, permanent stasis, dig
shafts and tunnels, (antennae 3), four strong arms
a: no special abilities


You were on level 4 of the Dungeon.
You were a tree.
You visited 1 branch of the dungeon, and saw 3 of its levels.

You collected 76 gold pieces.

Inventory:

Hand Weapons
 a - a +1 sling (weapon)
 d - a +0 club
 e - a +0 dagger
Missiles
 j - 9 poisoned darts
 k - 16 stones
Armour
 i - a +0 robe (melded)
Wands
 m - a wand of charming (5)
Potions
 b - a potion of magic


   Skills:
 * Level 1.5 Fighting
 * Level 1.5 Armour
 - Level 2.0 Dodging
 - Level 2.4 Stealth
 * Level 2.7 Spellcasting
 * Level 3.9 Conjurations


You had 5 spell levels left.
You knew the following spells:

 Your Spells              Type           Power      Damage    Failure   Level
a - Searing Ray           Conj           36%        2d5       4%          2
c - Magic Dart            Conj           72%        1d6       3%          1

Your spell library contained the following spells:

 Spells                   Type           Power      Damage    Failure   Level
 Apportation              Tloc           4%         N/A       14%         1
 Dazzling Flash           Conj/Hex       20%        N/A       21%         3
 Fulminant Prism          Conj/Hex       5%         3d7       54%         4
 Iskenderun's Mystic Bla  Conj/Tloc      10%        2d4       54%         4
 Alistair's Intoxication  Tmut/Pois      1%         N/A       99%         5


Dungeon Overview and Level Annotations

Branches:
Dungeon (2/15)

Altars:


Innate Abilities, Weirdness & Mutations

You are a tree.
Your roots penetrate the ground, keeping you stationary.
You cannot be teleported.
You are immune to unholy pain and torment.
Your maximum health is greatly increased.
Your equipment is partially melded.
You cannot be hasted, slowed, berserked, paralysed or teleported.
You can dig through walls and to a lower floor.
((You have a pair of large antennae on your head. (SInv)))
Your four strong arms can wield two-handed weapons with a shield.


Message History

The adder bites you but does no damage. The adder bites you.
You shoot a sling bullet. The sling bullet misses the adder.
You feel sick. The adder bites you.
You are lethally poisoned!
The adder poisons you!
You shoot a sling bullet. The sling bullet hits the adder.
You kill the adder!
You feel very sick.
Your magical contamination has completely faded away.
You have reached level 4!
You feel clever.
There is a lethal amount of poison in your body!
It was a potion of lignification.
You turn into a tree.
Your +0 robe melds into your body.
Your roots penetrate the ground.
You feel sick.
There is a lethal amount of poison in your body!
As you read the scroll labelled BAIWNO XIXURCH, it crumbles to dust.
It is a scroll of amnesia.
Okay, then.
You feel sick.
This is a scroll of acquirement!
Something appears at your feet!
You feel sick.
Unknown command.
There is a lethal amount of poison in your body!
Unknown command.
As you read the scroll labelled DEISOF DOFRAPE, it crumbles to dust.
It is a scroll of enchant weapon.
Your +0 sling glows red for a moment.
You feel sick.
As you read the scroll labelled HUEKLA KUMUHE, it crumbles to dust.
You feel a strange sense of stasis.
It was a scroll of teleportation.
You die...

#. #.### #.#..
##.#.# ...#.##
##...## #
#.####.....####.#
#...........♣..#
#.###.....###†.#
##....## ..#
...###...##..#
..............#
.#.#.##...##.## #
.....# .#
#.###..# .# #.
#..#


There were no monsters in sight!

Vanquished Creatures
  2 adders
  2 dart slugs
  3 endoplasms (D:1)
  2 goblins (D:1)
  2 hobgoblins
  4 jackals (D:1)
  4 kobolds
  3 ball pythons (D:1)
  4 bats (D:1)
  5 rats (D:1)
31 creatures vanquished.

Vanquished Creatures (others)
  3 plants (D:1)
3 creatures vanquished.

Grand Total: 34 creatures vanquished

Notes
Turn   | Place    | Note
-------+----------+-------------------------------------------
     0 | D:1      | DildoBatman the Formicid Conjurer began the quest for the
                  | Orb.
     0 | D:1      | Reached XP level 1. HP: 13/13 MP: 3/3
   262 | D:1      | Reached XP level 2. HP: 20/20 MP: 3/5
   265 | D:1      | Learned a level 2 spell: Searing Ray
   592 | D:1      | Reached skill level 1 in Fighting
   592 | D:1      | Reached skill level 1 in Armour
   592 | D:1      | Reached XP level 3. HP: 19/26 MP: 3/6
  1050 | D:2      | You fall into a shaft and drop 2 floors!
  1073 | D:4      | Reached XP level 4. HP: 3/32 MP: 0/8
  1075 | D:4      | Identified a scroll of acquirement
  1075 | D:4      | Acquired 485 gold pieces
  1075 | D:4      | HP: 2/48 [poisoned by an adder]
  1077 | D:4      | Succumbed to an adder's poison

Illustrated notes

Levels and vault maps discovered:
D:1:      matt_arrival_diagonals, layout_loops_ring, hangedman_feature_mirror,
          serial_bayou_lake_a
D:2:      layout_loops_corners, minmay_fountain_box
D:4:      layout_loops_ring, minmay_misc_feat_alley

Skill      XL: |  1  2 |
---------------+-------+-----
Dodging        | 2 |  2.0
Fighting       | 1 |  1.5
Armour         | 1 |  1.5
Stealth        | |  2.4
Spellcasting   | |  2.7
Conjurations   | |  3.9

Action                   |  1- 3 |  4- 6 || total
-------------------------+-------+-------++-------
Melee: Unarmed           |     8 |       ||     8
       Dagger            |     4 |       ||     4
 Fire: Sling             |    13 |       ||    13
 Cast: Magic Dart        |    33 |       ||    33
       Searing Ray       |     5 |       ||     5
 Abil: Dig               |     1 |       ||     1
  Use: Scroll            |       |     4 ||     4
       Potion            |       |     1 ||     1
Armor: Robe              |     6 |       ||     6
Dodge: Dodged            |    23 |       ||    23
